Wolves vs Manchots (R1)

Created - 10 décembre 2012 at 19:01

Goals
1 2 3 T
Wolves 0 3 1 4
Manchots 1 3 2 6
Shots
1 2 3 T
Wolves 7 15 8 30
Manchots 10 15 9 34

1st period

1. Manchots , Bobby Butler 4 (Martin Hanzal) at 17:38

Penalties :
Spencer Machacek (Out) for Holding Stick (Minor) at 5:08, Geoff Sanderson (Min) for Hooking (Minor) at 5:08, Pernell Karl Subban (Out) for Interference (Minor) at 9:32, Matt Corrente (Out) for Goalie Interference (Minor) at 14:43, Mike Zigomanis (Min) for Roughing (Minor) at 14:43

2nd period

2. Manchots , Fredrik Sjostrom 1 (Hal Gill, Petr Sykora) at 0:16
3. Wolves , Mike Zigomanis 7 (Philippe Boucher, Geoff Sanderson) at 3:58 (PP)
4. Wolves , Chris Neil 3 (Stefan Chaput) at 4:59
5. Manchots , Tyler Kennedy 8 (Jordan LaVallee, Cal Clutterbuck) at 8:27
6. Manchots , Riley Armstrong 11 (Petr Sykora, Fredrik Sjostrom) at 13:18 (PP)
7. Wolves , Geoff Sanderson 10 (Philippe Boucher, Willie Mitchell) at 18:13 (PP)

Penalties :
Cal Clutterbuck (Out) for Hooking (Minor) at 3:12, Julien Ellis (Min) for Slashing (Minor) at 11:44 - Mike Zigomanis served the penalty, Pernell Karl Subban (Out) for Goalie Interference (Minor) at 14:24, Petr Kalus (Min) for Roughing (Minor) at 14:24, Cal Clutterbuck (Out) for Cross-checking (Minor) at 17:58

3rd period

8. Wolves , Mike Zigomanis 8 (Geoff Sanderson, Alexander Perezhogin) at 2:24 (PP)
9. Manchots , Martin Hanzal 12 (Cal Clutterbuck, Bobby Butler) at 7:51
10. Manchots , Bobby Butler 5 (Stanislav Neckar, Martin Hanzal) at 8:57

Penalties :
Petr Sykora (Out) for High sticking (Minor) at 2:10, Kevin Veilleux (Min) for Holding (Minor) at 5:14, Fredrik Sjostrom (Out) for Hooking (Minor) at 5:21, Petr Sykora (Out) for Roughing (Minor) at 9:10, Alexander Perezhogin (Min) for Hooking (Minor) at 9:10, Matt Corrente (Out) for Hooking (Minor) at 13:11, Matt Gilroy (Min) for Cross-checking (Minor) at 13:11, Marc-André Gragnani (Min) for Hooking (Minor) at 16:16

Goalie Stats

Julien Ellis (Min), 28 saves from 34 shots - (0,824), L, 3-4-1, 60:00 minutes
Ondrej Pavelec (Out), 26 saves from 30 shots - (0,867), W, 6-2-2, 60:00 minutes

Players Stats for Wolves

Player Name              G  A  P  +/- PIM S  H  SB GA TA FO     MP     PP MP  PK MP  
------------------------------------------------------------------------------------
Alexander Perezhogin     0  1  1  -1  2   3  2  0  0  0  5/9    22:28   2:08   0:13 
Chris Neil               1  0  1  -1  0   6  0  2  0  1  0/0    15:14   0:43   0:00 
Chris Terry              0  0  0  -1  0   0  1  0  0  0  0/1     6:29   0:00   0:00 
Cody McLeod              0  0  0  -1  0   2  2  0  0  1  3/7    17:20   0:21   2:25 
Ethan Moreau             0  0  0  -1  0   3  1  0  0  0  0/0    10:38   0:57   1:01 
Geoff Sanderson          1  2  3  -1  2   4  5  0  1  0  0/0    21:52   2:03   0:13 
Jason King               0  0  0  -1  0   2  0  1  0  0  0/0     9:49   0:27   2:26 
Kevin Veilleux           0  0  0  -1  2   0  0  0  0  0  1/4     6:31   0:03   0:00 
Marc Methot              0  0  0  -2  0   0  1  0  0  0  0/0    10:57   0:00   1:39 
Marc-André Gragnani      0  0  0   0  2   0  1  0  0  0  0/0    20:23   0:48   0:00 
Matt Gilroy              0  0  0  -2  2   0  0  1  0  0  0/0    10:04   0:00   0:13 
Mike Zigomanis           2  0  2  -1  2   3  4  1  2  0  11/29  22:37   2:03   0:32 
Milan Bartovic           0  0  0  -1  0   1  3  0  0  0  0/0     7:38   0:00   0:33 
Nate Guenin              0  0  0   0  0   0  1  2  0  2  0/0    21:17   0:48   1:39 
Petr Kalus               0  0  0  -1  2   0  2  0  0  0  3/6    11:01   0:35   0:10 
Philippe Boucher         0  2  2  -2  0   2  0  0  1  0  0/0    28:42   2:33   1:48 
Stefan Chaput            0  1  1  -1  0   0  0  0  0  0  4/10   12:44   0:43   0:00 
Willie Mitchell          0  1  1  -2  0   4  2  4  1  2  0/0    28:42   2:33   1:48 

Players Stats for Manchots

Player Name              G  A  P  +/- PIM S  H  SB GA TA FO     MP     PP MP  PK MP  
------------------------------------------------------------------------------------
Bobby Butler             2  1  3   3  0   2  1  0  0  1  0/0    13:38   1:33   0:00 
Bryan Allen              0  0  0   2  0   1  1  2  1  0  0/0    21:37   1:18   1:20 
Cal Clutterbuck          0  2  2   3  4   0  0  0  1  0  0/0    13:51   1:32   0:00 
Eric Tangradi            0  0  0   0  0   0  0  0  0  0  0/0     0:00   0:00   0:00 
Fredrik Sjostrom         1  1  2   1  2   5  2  0  2  1  0/0    23:23   1:45   1:59 
Hal Gill                 0  1  1   2  0   3  2  0  1  0  0/0    28:37   2:22   2:08 
Jamie Benn               0  0  0   0  0   0  1  1  0  0  0/0     4:48   0:00   0:26 
Jordan LaVallee          0  1  1   0  0   4  0  0  1  0  0/0    13:31   0:03   0:07 
Kris Russell             0  0  0   0  0   0  0  0  0  0  0/0    11:01   0:00   0:51 
Logan Couture            0  0  0   0  0   0  0  0  0  0  1/3     5:54   0:00   0:47 
Martin Hanzal            1  2  3   3  0   3  3  0  0  0  14/18  17:57   1:33   0:49 
Matt Corrente            0  0  0   0  4   1  1  1  0  0  0/0    12:24   0:00   0:00 
Pernell Karl Subban      0  0  0   2  4   1  1  0  0  0  0/0    19:44   1:18   0:22 
Petr Sykora              0  2  2   1  4   3  2  0  0  0  9/15   25:40   2:04   1:45 
Riley Armstrong          1  0  1   1  0   4  1  1  0  1  13/25  18:53   2:04   0:49 
Spencer Machacek         0  0  0   0  2   0  1  1  0  0  0/0    10:32   0:03   0:00 
Stanislav Neckar         0  1  1   2  0   4  2  2  0  2  0/0    28:30   2:22   2:01 
Tyler Kennedy            1  0  1   0  0   3  1  0  0  0  2/5    14:42   0:22   0:00 

3 Stars

1 - Bobby Butler (Out)
2 - Martin Hanzal (Out)
3 - Geoff Sanderson (Min)

Power Play

Wolves - 3 on 5 Attempt(s) - 60,00%
Manchots - 1 on 3 Attempt(s) - 33,33%

Penalty Kill

Wolves - 2 on 3 Attempt(s) - 66,67% - Score 0 goal in Penalty Kill
Manchots - 2 on 5 Attempt(s) - 40,00% - Score 0 goal in Penalty Kill

Official

Referees : Sutherland Kelly and Peel Tim
Linesman : Steve Barton and Jean Morin

Game Notes

No Game Note

Wolves

5 vs 5 Forward 
   Center                   Left Wing                Right Wing               Time % Phy DF OF 
 1 Mike Zigomanis           Geoff Sanderson          Alexander Perezhogin     40     1   0  4  
 2 Stefan Chaput            Cody McLeod              Chris Neil               30     1   1  3  
 3 Petr Kalus               Ethan Moreau             Milan Bartovic           20     1   3  1  
 4 Kevin Veilleux           Chris Terry              Jason King               10     2   2  1  

5 vs 5 Defense 
   Defense                  Defense                                           Time % Phy DF OF 
 1 Philippe Boucher         Willie Mitchell                                   40     2   2  1  
 2 Nate Guenin              Marc-André Gragnani                               30     1   3  1  
 3 Matt Gilroy              Marc Methot                                       20     1   3  1  
 4 Philippe Boucher         Willie Mitchell                                   10     1   3  1  

PowerPlay Forward 
   Center                   Left Wing                Right Wing               Time % Phy DF OF 
 1 Mike Zigomanis           Geoff Sanderson          Alexander Perezhogin     60     0   0  5  
 2 Stefan Chaput            Ethan Moreau             Chris Neil               40     0   0  5  

PowerPlay Defense
   Defense                  Defense                                           Time % Phy DF OF 
 1 Philippe Boucher         Willie Mitchell                                   60     0   1  4  
 2 Nate Guenin              Marc-André Gragnani                               40     0   1  4  

Penalty Kill 4 Players Forward 
   Center                   Wing                     Time % Phy DF OF 
 1 Cody McLeod              Jason King               60     2   3  0  
 2 Milan Bartovic           Ethan Moreau             40     2   3  0  

Penalty Kill 4 Players Defense
   Defense                  Defense                  Time % Phy DF OF 
 1 Philippe Boucher         Willie Mitchell          60     3   2  0  
 2 Nate Guenin              Marc Methot              40     3   2  0  

Penalty Kill - 3 Players Forward 
   Forward                                           Time % Phy DF OF 
 1 Milan Bartovic                                    60     2   3  0  
 2 Ethan Moreau                                      40     2   3  0  

Penalty Kill - 3 Players Defense
   Defense                  Defense                  Time % Phy DF OF 
 1 Philippe Boucher         Willie Mitchell          60     3   2  0  
 2 Nate Guenin              Marc Methot              40     3   2  0  

4 vs 4 Forward 
   Center                   Wing                     Time % Phy DF OF 
 1 Alexander Perezhogin     Geoff Sanderson          60     1   1  3  
 2 Mike Zigomanis           Chris Neil               40     1   1  3  

4 vs 4 Defense
   Defense                  Defense                  Time % Phy DF OF 
 1 Philippe Boucher         Willie Mitchell          60     1   3  1  
 2 Nate Guenin              Marc-André Gragnani      40     1   3  1  

Last Minutes Offensive
   Center                   Left Wing                Right Wing               Defense                  Defense                  
   Mike Zigomanis           Geoff Sanderson          Alexander Perezhogin     Philippe Boucher         Willie Mitchell          

Last Minutes Defensive
   Center                   Left Wing                Right Wing               Defense                  Defense                  
   Stefan Chaput            Ethan Moreau             Chris Neil               Philippe Boucher         Willie Mitchell          

Goaltenders
Starting : Julien Ellis             
Backup : Loïc Lacasse             

Extra Forwards
Normal : Alexander Perezhogin, Geoff Sanderson, Mike Zigomanis - PP : Alexander Perezhogin, Geoff Sanderson - PK : Cody McLeod
Extra Defensemen
Normal : Philippe Boucher, Willie Mitchell, Nate Guenin - PP : Philippe Boucher - PK : Willie Mitchell, Nate Guenin
Penalty Shots
Chris Neil, Geoff Sanderson, Ethan Moreau, Alexander Perezhogin, Jason King

Manchots

5 vs 5 Forward 
   Center                   Left Wing                Right Wing               Time % Phy DF OF 
 1 Riley Armstrong          Fredrik Sjostrom         Petr Sykora              40     1   2  2  
 2 Martin Hanzal            Bobby Butler             Cal Clutterbuck          30     1   2  2  
 3 Tyler Kennedy            Jordan LaVallee          Spencer Machacek         20     1   2  2  
 4 Logan Couture            Jamie Benn               Petr Sykora              10     1   2  2  

5 vs 5 Defense 
   Defense                  Defense                                           Time % Phy DF OF 
 1 Hal Gill                 Stanislav Neckar                                  40     1   2  2  
 2 Bryan Allen              Pernell Karl Subban                               30     1   2  2  
 3 Matt Corrente            Kris Russell                                      20     1   2  2  
 4 Hal Gill                 Stanislav Neckar                                  10     1   2  2  

PowerPlay Forward 
   Center                   Left Wing                Right Wing               Time % Phy DF OF 
 1 Riley Armstrong          Fredrik Sjostrom         Petr Sykora              60     1   2  2  
 2 Martin Hanzal            Bobby Butler             Cal Clutterbuck          40     1   2  2  

PowerPlay Defense
   Defense                  Defense                                           Time % Phy DF OF 
 1 Hal Gill                 Stanislav Neckar                                  60     1   2  2  
 2 Bryan Allen              Pernell Karl Subban                               40     1   2  2  

Penalty Kill 4 Players Forward 
   Center                   Wing                     Time % Phy DF OF 
 1 Petr Sykora              Fredrik Sjostrom         60     1   2  2  
 2 Riley Armstrong          Martin Hanzal            40     1   2  2  

Penalty Kill 4 Players Defense
   Defense                  Defense                  Time % Phy DF OF 
 1 Hal Gill                 Stanislav Neckar         60     1   2  2  
 2 Bryan Allen              Pernell Karl Subban      40     1   2  2  

Penalty Kill - 3 Players Forward 
   Forward                                           Time % Phy DF OF 
 1 Petr Sykora                                       60     1   2  2  
 2 Fredrik Sjostrom                                  40     1   2  2  

Penalty Kill - 3 Players Defense
   Defense                  Defense                  Time % Phy DF OF 
 1 Hal Gill                 Stanislav Neckar         60     1   2  2  
 2 Bryan Allen              Pernell Karl Subban      40     1   2  2  

4 vs 4 Forward 
   Center                   Wing                     Time % Phy DF OF 
 1 Petr Sykora              Fredrik Sjostrom         60     1   2  2  
 2 Riley Armstrong          Martin Hanzal            40     1   2  2  

4 vs 4 Defense
   Defense                  Defense                  Time % Phy DF OF 
 1 Hal Gill                 Stanislav Neckar         60     1   2  2  
 2 Bryan Allen              Pernell Karl Subban      40     1   2  2  

Last Minutes Offensive
   Center                   Left Wing                Right Wing               Defense                  Defense                  
   Riley Armstrong          Fredrik Sjostrom         Petr Sykora              Hal Gill                 Stanislav Neckar         

Last Minutes Defensive
   Center                   Left Wing                Right Wing               Defense                  Defense                  
   Riley Armstrong          Fredrik Sjostrom         Petr Sykora              Hal Gill                 Stanislav Neckar         

Goaltenders
Starting : Ondrej Pavelec           
Backup : Manny Fernandez          

Extra Forwards
Normal : Tyler Kennedy, Jordan LaVallee, Logan Couture - PP : Tyler Kennedy, Jordan LaVallee - PK : Logan Couture
Extra Defensemen
Normal : Matt Corrente, Kris Russell, Bryan Allen - PP : Matt Corrente - PK : Kris Russell, Bryan Allen
Penalty Shots
Petr Sykora, Fredrik Sjostrom, Riley Armstrong, Martin Hanzal, Tyler Kennedy

% Time on Ice - Wolves

Lines # - Real PCT - Wanted PCT - Time Play
Normal Forward
1 - 36% - 40% - 15:02
2 - 31% - 30% - 12:36
3 - 17% - 20% - 7:05
4 - 16% - 10% - 6:29
Normal Defense
1 - 40% - 40% - 16:34
2 - 36% - 30% - 14:47
3 - 21% - 20% - 8:32
4 - 3% - 10% - 1:19
PP Forward
1 - 68% - 60% - 2:17
2 - 32% - 40% - 1:04
PP Defense
1 - 76% - 60% - 2:33
2 - 24% - 40% - 0:48
PK Forward
1 - 85% - 60% - 3:07
2 - 15% - 40% - 0:33
PK Defense
1 - 55% - 60% - 2:01
2 - 45% - 40% - 1:39
PK3 Forward
1 - 0% - 60%
2 - 0% - 40%
PK3 Defense
1 - 0% - 60%
2 - 0% - 40%
44 Forward
1 - 77% - 60% - 9:06
2 - 23% - 40% - 2:41
44 Defense
1 - 59% - 60% - 6:58
2 - 41% - 40% - 4:49
Last Minute Offensive  - 0:00
Last Minute Defensive  - 0:00
Total
Forward - 60:00
Defense - 60:00

% Time on Ice - Manchots

Lines # - Real PCT - Wanted PCT - Time Play
Normal Forward
1 - 38% - 40% - 15:28
2 - 32% - 30% - 13:13
3 - 24% - 20% - 9:54
4 - 6% - 10% - 2:37
Normal Defense
1 - 39% - 40% - 15:56
2 - 34% - 30% - 13:58
3 - 24% - 20% - 9:53
4 - 3% - 10% - 1:25
PP Forward
1 - 58% - 60% - 2:07
2 - 42% - 40% - 1:33
PP Defense
1 - 65% - 60% - 2:22
2 - 35% - 40% - 1:18
PK Forward
1 - 76% - 60% - 2:32
2 - 24% - 40% - 0:49
PK Defense
1 - 53% - 60% - 1:47
2 - 47% - 40% - 1:34
PK3 Forward
1 - 0% - 60%
2 - 0% - 40%
PK3 Defense
1 - 0% - 60%
2 - 0% - 40%
44 Forward
1 - 76% - 60% - 8:59
2 - 24% - 40% - 2:48
44 Defense
1 - 57% - 60% - 6:46
2 - 43% - 40% - 5:01
Last Minute Offensive  - 0:00
Last Minute Defensive  - 0:00
Total
Forward - 60:00
Defense - 60:00

Play by Play

1st period


0:01 of 1st period - Petr Sykora wins face-off versus Mike Zigomanis in neutral zone.
0:12 of 1st period - Slapshot by Riley Armstrong.
0:12 of 1st period - Stopped by Julien Ellis with a rebound.
0:26 of 1st period - Hal Gill is hit by Cody McLeod and loses puck.
0:55 of 1st period - Hal Gill is hit by Ethan Moreau and loses puck.
1:08 of 1st period - Wrist shot by Jason King.
1:08 of 1st period - Shot Blocked by Jamie Benn.
1:28 of 1st period - Stanislav Neckar is hit by Geoff Sanderson and loses puck.
1:40 of 1st period - Icing by Petr Sykora.
1:41 of 1st period - Stefan Chaput wins face-off versus Riley Armstrong in Manchots zone.
1:46 of 1st period - Snap shot by Cody McLeod.
1:46 of 1st period - Stopped by Ondrej Pavelec with a rebound.
1:58 of 1st period - Snap shot by Fredrik Sjostrom.
1:58 of 1st period - Shot Misses the Net.
2:00 of 1st period - Wrist shot by Petr Sykora.
2:00 of 1st period - Stopped by Julien Ellis with a rebound.
2:02 of 1st period - Slapshot by Stanislav Neckar.
2:02 of 1st period - Stopped by Julien Ellis without a rebound.
2:03 of 1st period - Martin Hanzal wins face-off versus Mike Zigomanis in Wolves zone.
2:14 of 1st period - Snap shot by Bobby Butler.
2:14 of 1st period - Shot Misses the Net.
2:59 of 1st period - Off-side.
3:00 of 1st period - Mike Zigomanis wins face-off versus Martin Hanzal in neutral zone.
3:16 of 1st period - Off-side.
3:17 of 1st period - Stefan Chaput wins face-off versus Riley Armstrong in neutral zone.
3:20 of 1st period - Wrist shot by Chris Neil.
3:20 of 1st period - Shot Misses the Net.
3:26 of 1st period - Snap shot by Fredrik Sjostrom.
3:26 of 1st period - Shot Blocked by Willie Mitchell.
3:42 of 1st period - Bryan Allen is hit by Geoff Sanderson and loses puck.
3:49 of 1st period - Snap shot by Mike Zigomanis.
3:49 of 1st period - Shot Misses the Net.
4:23 of 1st period - Wrist shot by Logan Couture.
4:23 of 1st period - Shot Misses the Net.
5:08 of 1st period - Minor Penalty to Spencer Machacek for Holding Stick.
5:08 of 1st period - Minor Penalty to Geoff Sanderson for Hooking.
5:09 of 1st period - Alexander Perezhogin wins face-off versus Petr Sykora in Manchots zone.
5:39 of 1st period - Pernell Karl Subban is hit by Alexander Perezhogin and loses puck.
6:38 of 1st period - Slapshot by Martin Hanzal.
6:38 of 1st period - Shot Blocked by Willie Mitchell.
7:08 of 1st period - Penalty to Spencer Machacek is over, Spencer Machacek is back on ice.
7:08 of 1st period - Penalty to Geoff Sanderson is over, Geoff Sanderson is back on ice.
7:30 of 1st period - Snap shot by Cody McLeod.
7:30 of 1st period - Stopped by Ondrej Pavelec without a rebound.
7:31 of 1st period - Tyler Kennedy wins face-off versus Stefan Chaput in Manchots zone.
7:44 of 1st period - Wrist shot by Tyler Kennedy.
7:44 of 1st period - Shot Blocked by Matt Gilroy.
7:52 of 1st period - Kris Russell is hit by Cody McLeod and loses puck.
8:12 of 1st period - Cody McLeod is hit by Tyler Kennedy and loses puck.
8:24 of 1st period - Wrist shot by Jordan LaVallee.
8:24 of 1st period - Stopped by Julien Ellis with a rebound.
8:30 of 1st period - Wrist shot by Tyler Kennedy.
8:30 of 1st period - Stopped by Julien Ellis with a rebound.
8:32 of 1st period - Wrist shot by Tyler Kennedy.
8:32 of 1st period - Shot Blocked by Chris Neil.
8:46 of 1st period - Slapshot by Tyler Kennedy.
8:46 of 1st period - Shot Blocked by Chris Neil.
8:48 of 1st period - Slapshot by Pernell Karl Subban.
8:48 of 1st period - Shot Blocked by Nate Guenin.
8:50 of 1st period - Slapshot by Bryan Allen.
8:50 of 1st period - Stopped by Julien Ellis without a rebound.
8:51 of 1st period - Mike Zigomanis wins face-off versus Riley Armstrong in Wolves zone.
9:01 of 1st period - Willie Mitchell is hit by Petr Sykora and loses puck.
9:32 of 1st period - Minor Penalty to Pernell Karl Subban for Interference.
9:33 of 1st period - Petr Sykora wins face-off versus Mike Zigomanis in Manchots zone.
11:32 of 1st period - Penalty to Pernell Karl Subban is over, Pernell Karl Subban is back on ice.
11:36 of 1st period - Kris Russell is hit by Geoff Sanderson and loses puck.
11:47 of 1st period - Jason King is hit by Spencer Machacek and loses puck.
12:36 of 1st period - Milan Bartovic is hit by Hal Gill and loses puck.
12:51 of 1st period - Riley Armstrong is hit by Marc Methot and loses puck.
13:10 of 1st period - Slapshot by Martin Hanzal.
13:10 of 1st period - Stopped by Julien Ellis with a rebound.
13:12 of 1st period - Snap shot by Bobby Butler.
13:12 of 1st period - Shot Misses the Net.
13:37 of 1st period - Icing by Stanislav Neckar.
13:38 of 1st period - Martin Hanzal wins face-off versus Mike Zigomanis in Manchots zone.
14:06 of 1st period - Snap shot by Jordan LaVallee.
14:06 of 1st period - Shot Blocked by Nate Guenin.
14:26 of 1st period - Slapshot by Ethan Moreau.
14:26 of 1st period - Stopped by Ondrej Pavelec with a rebound.
14:38 of 1st period - Snap shot by Geoff Sanderson.
14:38 of 1st period - Stopped by Ondrej Pavelec without a rebound.
14:39 of 1st period - Martin Hanzal wins face-off versus Mike Zigomanis in Manchots zone.
14:43 of 1st period - Minor Penalty to Matt Corrente for Goalie Interference.
14:43 of 1st period - Minor Penalty to Mike Zigomanis for Roughing.
14:44 of 1st period - Alexander Perezhogin wins face-off versus Petr Sykora in neutral zone.
15:00 of 1st period - Wrist shot by Fredrik Sjostrom.
15:00 of 1st period - Shot Blocked by Willie Mitchell.
15:10 of 1st period - Stanislav Neckar is hit by Petr Kalus and loses puck.
15:53 of 1st period - Snap shot by Tyler Kennedy.
15:53 of 1st period - Shot Misses the Net.
16:35 of 1st period - Willie Mitchell is hit by Stanislav Neckar and loses puck.
16:43 of 1st period - Penalty to Matt Corrente is over, Matt Corrente is back on ice.
16:43 of 1st period - Penalty to Mike Zigomanis is over, Mike Zigomanis is back on ice.
17:30 of 1st period - Snap shot by Petr Sykora.
17:30 of 1st period - Stopped by Julien Ellis with a rebound.
17:32 of 1st period - Snap shot by Petr Sykora.
17:32 of 1st period - Shot Misses the Net.
17:34 of 1st period - Wrist shot by Fredrik Sjostrom.
17:34 of 1st period - Deflect By Cody McLeod.
17:34 of 1st period - Shot Misses the Net.
17:34 of 1st period - Puck is out of play.
17:35 of 1st period - Martin Hanzal wins face-off versus Petr Kalus in Wolves zone.
17:38 of 1st period - Wrist shot by Bobby Butler.
17:38 of 1st period - Goal by Bobby Butler - Wolves : 0 - Manchots : 1.
17:39 of 1st period - Mike Zigomanis wins face-off versus Martin Hanzal in neutral zone.
17:46 of 1st period - Pernell Karl Subban is hit by Mike Zigomanis and loses puck.
18:05 of 1st period - Petr Kalus is hit by Bryan Allen and loses puck.
18:10 of 1st period - Snap shot by Jordan LaVallee.
18:10 of 1st period - Stopped by Julien Ellis with a rebound.
18:24 of 1st period - Snap shot by Chris Neil.
18:24 of 1st period - Shot Misses the Net.
18:26 of 1st period - Wrist shot by Chris Neil.
18:26 of 1st period - Stopped by Ondrej Pavelec without a rebound.
18:27 of 1st period - Logan Couture wins face-off versus Cody McLeod in Manchots zone.
18:48 of 1st period - Snap shot by Chris Neil.
18:48 of 1st period - Stopped by Ondrej Pavelec without a rebound.
18:49 of 1st period - Martin Hanzal wins face-off versus Mike Zigomanis in Manchots zone.
18:54 of 1st period - Wrist shot by Cal Clutterbuck.
18:54 of 1st period - Shot Misses the Net.
19:23 of 1st period - Snap shot by Milan Bartovic.
19:23 of 1st period - Deflect By Ethan Moreau.
19:23 of 1st period - Shot Blocked by Bryan Allen.
19:23 of 1st period - Puck is out of play.
19:24 of 1st period - Mike Zigomanis wins face-off versus Martin Hanzal in Manchots zone.
19:57 of 1st period - Wrist shot by Ethan Moreau.
19:57 of 1st period - Stopped by Ondrej Pavelec without a rebound.
19:58 of 1st period - Riley Armstrong wins face-off versus Petr Kalus in Manchots zone.
19:58 of 1st period - Riley Armstrong is hit by Petr Kalus.

2nd period


0:01 of 2nd period - Riley Armstrong wins face-off versus Mike Zigomanis in neutral zone.
0:12 of 2nd period - Snap shot by Petr Sykora.
0:12 of 2nd period - Shot Misses the Net.
0:14 of 2nd period - Slapshot by Hal Gill.
0:14 of 2nd period - Stopped by Julien Ellis with a rebound.
0:16 of 2nd period - Slapshot by Fredrik Sjostrom.
0:16 of 2nd period - Goal by Fredrik Sjostrom - Wolves : 0 - Manchots : 2.
0:17 of 2nd period - Alexander Perezhogin wins face-off versus Riley Armstrong in neutral zone.
0:22 of 2nd period - Slapshot by Willie Mitchell.
0:22 of 2nd period - Stopped by Ondrej Pavelec without a rebound.
0:23 of 2nd period - Mike Zigomanis wins face-off versus Riley Armstrong in Manchots zone.
0:24 of 2nd period - Wrist shot by Alexander Perezhogin.
0:24 of 2nd period - Stopped by Ondrej Pavelec without a rebound.
0:25 of 2nd period - Mike Zigomanis wins face-off versus Riley Armstrong in Manchots zone.
1:12 of 2nd period - Snap shot by Jason King.
1:12 of 2nd period - Stopped by Ondrej Pavelec with a rebound.
1:14 of 2nd period - Slapshot by Matt Gilroy.
1:14 of 2nd period - Deflect By Jason King.
1:14 of 2nd period - Shot Misses the Net.
1:14 of 2nd period - Puck is out of play.
1:15 of 2nd period - Petr Sykora wins face-off versus Kevin Veilleux in Manchots zone.
2:01 of 2nd period - Snap shot by Chris Neil.
2:01 of 2nd period - Stopped by Ondrej Pavelec without a rebound.
2:02 of 2nd period - Martin Hanzal wins face-off versus Stefan Chaput in Manchots zone.
2:02 of 2nd period - Martin Hanzal is hit by Willie Mitchell.
2:10 of 2nd period - Slapshot by Chris Neil.
2:10 of 2nd period - Stopped by Ondrej Pavelec with a rebound.
2:12 of 2nd period - Snap shot by Willie Mitchell.
2:12 of 2nd period - Stopped by Ondrej Pavelec without a rebound.
2:13 of 2nd period - Riley Armstrong wins face-off versus Mike Zigomanis in Manchots zone.
2:18 of 2nd period - Snap shot by Petr Sykora.
2:18 of 2nd period - Stopped by Julien Ellis with a rebound.
2:20 of 2nd period - Slapshot by Stanislav Neckar.
2:20 of 2nd period - Stopped by Julien Ellis without a rebound.
2:21 of 2nd period - Mike Zigomanis wins face-off versus Riley Armstrong in Wolves zone.
2:53 of 2nd period - Wrist shot by Riley Armstrong.
2:53 of 2nd period - Shot Misses the Net.
2:55 of 2nd period - Wrist shot by Stanislav Neckar.
2:55 of 2nd period - Stopped by Julien Ellis with a rebound.
2:57 of 2nd period - Snap shot by Hal Gill.
2:57 of 2nd period - Deflect By Geoff Sanderson.
2:57 of 2nd period - Stopped by Julien Ellis without a rebound.
2:58 of 2nd period - Martin Hanzal wins face-off versus Stefan Chaput in Wolves zone.
3:11 of 2nd period - Snap shot by Chris Neil.
3:11 of 2nd period - Shot Misses the Net.
3:12 of 2nd period - Minor Penalty to Cal Clutterbuck for Hooking.
3:13 of 2nd period - Petr Sykora wins face-off versus Mike Zigomanis in Manchots zone.
3:54 of 2nd period - Slapshot by Philippe Boucher.
3:54 of 2nd period - Shot Blocked by Riley Armstrong.
3:56 of 2nd period - Slapshot by Philippe Boucher.
3:56 of 2nd period - Shot Misses the Net.
3:58 of 2nd period - Wrist shot by Mike Zigomanis.
3:58 of 2nd period - Goal by Mike Zigomanis - Wolves : 1 - Manchots : 2.
3:59 of 2nd period - Petr Kalus wins face-off versus Riley Armstrong in neutral zone.
4:02 of 2nd period - Snap shot by Milan Bartovic.
4:02 of 2nd period - Stopped by Ondrej Pavelec without a rebound.
4:03 of 2nd period - Petr Kalus wins face-off versus Riley Armstrong in Manchots zone.
4:31 of 2nd period - Wrist shot by Alexander Perezhogin.
4:31 of 2nd period - Stopped by Ondrej Pavelec with a rebound.
4:33 of 2nd period - Snap shot by Mike Zigomanis.
4:33 of 2nd period - Shot Misses the Net.
4:35 of 2nd period - Snap shot by Mike Zigomanis.
4:35 of 2nd period - Stopped by Ondrej Pavelec with a rebound.
4:37 of 2nd period - Snap shot by Alexander Perezhogin.
4:37 of 2nd period - Shot Misses the Net.
4:53 of 2nd period - Slapshot by Willie Mitchell.
4:53 of 2nd period - Shot Misses the Net.
4:55 of 2nd period - Slapshot by Willie Mitchell.
4:55 of 2nd period - Deflect By Tyler Kennedy.
4:55 of 2nd period - Stopped by Ondrej Pavelec without a rebound.
4:56 of 2nd period - Stefan Chaput wins face-off versus Tyler Kennedy in Manchots zone.
4:59 of 2nd period - Slapshot by Chris Neil.
4:59 of 2nd period - Goal by Chris Neil - Wolves : 2 - Manchots : 2.
5:00 of 2nd period - Riley Armstrong wins face-off versus Mike Zigomanis in neutral zone.
5:25 of 2nd period - Philippe Boucher is hit by Martin Hanzal and loses puck.
5:30 of 2nd period - Snap shot by Martin Hanzal.
5:30 of 2nd period - Shot Misses the Net.
5:50 of 2nd period - Snap shot by Jason King.
5:50 of 2nd period - Stopped by Ondrej Pavelec without a rebound.
5:51 of 2nd period - Riley Armstrong wins face-off versus Kevin Veilleux in Manchots zone.
5:51 of 2nd period - Riley Armstrong is hit by Chris Terry.
7:23 of 2nd period - Mike Zigomanis is hit by Matt Corrente.
7:40 of 2nd period - Off-side.
7:41 of 2nd period - Kevin Veilleux wins face-off versus Logan Couture in neutral zone.
8:04 of 2nd period - Cal Clutterbuck is hit by Geoff Sanderson and loses puck.
8:27 of 2nd period - Backhand shot by Tyler Kennedy.
8:27 of 2nd period - Goal by Tyler Kennedy - Wolves : 2 - Manchots : 3.
8:28 of 2nd period - Riley Armstrong wins face-off versus Mike Zigomanis in neutral zone.
8:53 of 2nd period - Philippe Boucher is hit by Martin Hanzal and loses puck.
9:16 of 2nd period - Snap shot by Jordan LaVallee.
9:16 of 2nd period - Stopped by Julien Ellis without a rebound.
9:17 of 2nd period - Mike Zigomanis wins face-off versus Tyler Kennedy in Wolves zone.
9:44 of 2nd period - Chris Neil is hit by Pernell Karl Subban and loses puck.
10:07 of 2nd period - Slapshot by Philippe Boucher.
10:07 of 2nd period - Stopped by Ondrej Pavelec without a rebound.
10:08 of 2nd period - Martin Hanzal wins face-off versus Chris Terry in Manchots zone.
10:21 of 2nd period - Snap shot by Jason King.
10:21 of 2nd period - Shot Misses the Net.
10:23 of 2nd period - Wrist shot by Philippe Boucher.
10:23 of 2nd period - Shot Misses the Net.
11:02 of 2nd period - Off-side.
11:03 of 2nd period - Stefan Chaput wins face-off versus Petr Sykora in neutral zone.
11:38 of 2nd period - Icing by Kris Russell.
11:39 of 2nd period - Riley Armstrong wins face-off versus Alexander Perezhogin in Manchots zone.
11:44 of 2nd period - Slapshot by Riley Armstrong.
11:44 of 2nd period - Stopped by Julien Ellis without a rebound.
11:44 of 2nd period - Minor Penalty to Julien Ellis for Slashing.
11:45 of 2nd period - Cody McLeod wins face-off versus Petr Sykora in Wolves zone.
11:56 of 2nd period - Wrist shot by Fredrik Sjostrom.
11:56 of 2nd period - Stopped by Julien Ellis without a rebound.
11:57 of 2nd period - Riley Armstrong wins face-off versus Cody McLeod in Wolves zone.
12:10 of 2nd period - Snap shot by Riley Armstrong.
12:10 of 2nd period - Shot Misses the Net.
12:12 of 2nd period - Slapshot by Hal Gill.
12:12 of 2nd period - Stopped by Julien Ellis with a rebound.
12:44 of 2nd period - Philippe Boucher is hit by Petr Sykora and loses puck.
12:53 of 2nd period - Slapshot by Philippe Boucher.
12:53 of 2nd period - Deflect By Milan Bartovic.
12:53 of 2nd period - Shot Hit the Post.
12:53 of 2nd period - Puck is out of play.
12:54 of 2nd period - Martin Hanzal wins face-off versus Cody McLeod in Manchots zone.
13:01 of 2nd period - Snap shot by Martin Hanzal.
13:01 of 2nd period - Shot Blocked by Jason King.
13:03 of 2nd period - Slapshot by Stanislav Neckar.
13:03 of 2nd period - Deflect By Cody McLeod.
13:03 of 2nd period - Stopped by Julien Ellis without a rebound.
13:04 of 2nd period - Cody McLeod wins face-off versus Riley Armstrong in Wolves zone.
13:04 of 2nd period - Cody McLeod is hit by Fredrik Sjostrom.
13:18 of 2nd period - Snap shot by Riley Armstrong.
13:18 of 2nd period - Deflect By Cody McLeod.
13:18 of 2nd period - Goal by Riley Armstrong - Wolves : 2 - Manchots : 4.
13:19 of 2nd period - Riley Armstrong wins face-off versus Mike Zigomanis in neutral zone.
13:39 of 2nd period - Petr Sykora is hit by Geoff Sanderson and loses puck.
13:50 of 2nd period - Slapshot by Martin Hanzal.
13:50 of 2nd period - Stopped by Julien Ellis without a rebound.
13:51 of 2nd period - Martin Hanzal wins face-off versus Stefan Chaput in Wolves zone.
14:22 of 2nd period - Spencer Machacek is hit by Nate Guenin and loses puck.
14:24 of 2nd period - Minor Penalty to Pernell Karl Subban for Goalie Interference.
14:24 of 2nd period - Minor Penalty to Petr Kalus for Roughing.
14:25 of 2nd period - Petr Sykora wins face-off versus Alexander Perezhogin in Manchots zone.
16:01 of 2nd period - Wrist shot by Riley Armstrong.
16:01 of 2nd period - Stopped by Julien Ellis with a rebound.
16:03 of 2nd period - Snap shot by Riley Armstrong.
16:03 of 2nd period - Shot Blocked by Mike Zigomanis.
16:24 of 2nd period - Penalty to Pernell Karl Subban is over, Pernell Karl Subban is back on ice.
16:24 of 2nd period - Penalty to Petr Kalus is over, Petr Kalus is back on ice.
16:26 of 2nd period - Off-side.
16:27 of 2nd period - Petr Kalus wins face-off versus Martin Hanzal in neutral zone.
16:30 of 2nd period - Cal Clutterbuck is hit by Milan Bartovic and loses puck.
17:58 of 2nd period - Minor Penalty to Cal Clutterbuck for Cross-checking.
17:59 of 2nd period - Petr Sykora wins face-off versus Mike Zigomanis in Manchots zone.
17:59 of 2nd period - Petr Sykora is hit by Mike Zigomanis.
18:13 of 2nd period - Snap shot by Geoff Sanderson.
18:13 of 2nd period - Goal by Geoff Sanderson - Wolves : 3 - Manchots : 4.
18:14 of 2nd period - Petr Sykora wins face-off versus Mike Zigomanis in neutral zone.
18:39 of 2nd period - Chris Neil is hit by Martin Hanzal.
18:49 of 2nd period - Snap shot by Cal Clutterbuck.
18:49 of 2nd period - Shot Misses the Net.
19:25 of 2nd period - Wrist shot by Alexander Perezhogin.
19:25 of 2nd period - Shot Misses the Net.
19:27 of 2nd period - Wrist shot by Mike Zigomanis.
19:27 of 2nd period - Shot Hit the Post.

3rd period


0:01 of 3rd period - Riley Armstrong wins face-off versus Mike Zigomanis in neutral zone.
0:04 of 3rd period - Alexander Perezhogin is hit by Fredrik Sjostrom and loses puck.
0:28 of 3rd period - Off-side.
0:29 of 3rd period - Martin Hanzal wins face-off versus Stefan Chaput in neutral zone.
0:36 of 3rd period - Slapshot by Pernell Karl Subban.
0:36 of 3rd period - Stopped by Julien Ellis with a rebound.
0:54 of 3rd period - Petr Sykora is hit by Mike Zigomanis and loses puck.
2:09 of 3rd period - Slapshot by Chris Neil.
2:09 of 3rd period - Shot Misses the Net.
2:10 of 3rd period - Minor Penalty to Petr Sykora for High sticking.
2:11 of 3rd period - Mike Zigomanis wins face-off versus Logan Couture in Manchots zone.
2:20 of 3rd period - Wrist shot by Geoff Sanderson.
2:20 of 3rd period - Shot Misses the Net.
2:22 of 3rd period - Wrist shot by Geoff Sanderson.
2:22 of 3rd period - Shot Blocked by Stanislav Neckar.
2:24 of 3rd period - Snap shot by Mike Zigomanis.
2:24 of 3rd period - Goal by Mike Zigomanis - Wolves : 4 - Manchots : 4.
2:25 of 3rd period - Riley Armstrong wins face-off versus Mike Zigomanis in neutral zone.
2:50 of 3rd period - Chris Neil is hit by Hal Gill and loses puck.
2:55 of 3rd period - Snap shot by Martin Hanzal.
2:55 of 3rd period - Shot Misses the Net.
2:57 of 3rd period - Wrist shot by Bobby Butler.
2:57 of 3rd period - Shot Misses the Net.
2:59 of 3rd period - Snap shot by Matt Corrente.
2:59 of 3rd period - Deflect By Chris Neil.
2:59 of 3rd period - Stopped by Julien Ellis with a rebound.
3:15 of 3rd period - Wrist shot by Jordan LaVallee.
3:15 of 3rd period - Stopped by Julien Ellis with a rebound.
3:21 of 3rd period - Tyler Kennedy is hit by Milan Bartovic and loses puck.
4:26 of 3rd period - Riley Armstrong is hit by Marc-André Gragnani and loses puck.
4:39 of 3rd period - Snap shot by Milan Bartovic.
4:39 of 3rd period - Shot Blocked by Spencer Machacek.
4:41 of 3rd period - Backhand shot by Milan Bartovic.
4:41 of 3rd period - Shot Misses the Net.
4:43 of 3rd period - Slapshot by Matt Gilroy.
4:43 of 3rd period - Shot Blocked by Matt Corrente.
4:47 of 3rd period - Slapshot by Milan Bartovic.
4:47 of 3rd period - Shot Misses the Net.
5:14 of 3rd period - Minor Penalty to Kevin Veilleux for Holding.
5:15 of 3rd period - Cody McLeod wins face-off versus Riley Armstrong in Wolves zone.
5:21 of 3rd period - Minor Penalty to Fredrik Sjostrom for Hooking.
5:22 of 3rd period - Petr Sykora wins face-off versus Alexander Perezhogin in Manchots zone.
6:03 of 3rd period - Snap shot by Philippe Boucher.
6:03 of 3rd period - Shot Blocked by Stanislav Neckar.
7:14 of 3rd period - Penalty to Kevin Veilleux is over, Kevin Veilleux is back on ice.
7:21 of 3rd period - Penalty to Fredrik Sjostrom is over, Fredrik Sjostrom is back on ice.
7:22 of 3rd period - Bryan Allen is hit by Willie Mitchell and loses puck.
7:29 of 3rd period - Snap shot by Chris Neil.
7:29 of 3rd period - Deflect By Ethan Moreau.
7:29 of 3rd period - Stopped by Ondrej Pavelec with a rebound.
7:31 of 3rd period - Slapshot by Matt Gilroy.
7:31 of 3rd period - Shot Misses the Net.
7:51 of 3rd period - Backhand shot by Martin Hanzal.
7:51 of 3rd period - Goal by Martin Hanzal - Wolves : 4 - Manchots : 5.
7:52 of 3rd period - Mike Zigomanis wins face-off versus Riley Armstrong in neutral zone.
7:55 of 3rd period - Slapshot by Geoff Sanderson.
7:55 of 3rd period - Deflect By Petr Sykora.
7:55 of 3rd period - Stopped by Ondrej Pavelec with a rebound.
8:29 of 3rd period - Icing by Geoff Sanderson.
8:30 of 3rd period - Riley Armstrong wins face-off versus Mike Zigomanis in Wolves zone.
8:31 of 3rd period - Slapshot by Fredrik Sjostrom.
8:31 of 3rd period - Stopped by Julien Ellis with a rebound.
8:45 of 3rd period - Backhand shot by Mike Zigomanis.
8:45 of 3rd period - Deflect By Geoff Sanderson.
8:45 of 3rd period - Stopped by Ondrej Pavelec without a rebound.
8:46 of 3rd period - Martin Hanzal wins face-off versus Stefan Chaput in Manchots zone.
8:53 of 3rd period - Slapshot by Martin Hanzal.
8:53 of 3rd period - Shot Misses the Net.
8:55 of 3rd period - Slapshot by Stanislav Neckar.
8:55 of 3rd period - Shot Blocked by Willie Mitchell.
8:57 of 3rd period - Wrist shot by Bobby Butler.
8:57 of 3rd period - Goal by Bobby Butler - Wolves : 4 - Manchots : 6.
8:58 of 3rd period - Riley Armstrong wins face-off versus Mike Zigomanis in neutral zone.
9:03 of 3rd period - Slapshot by Fredrik Sjostrom.
9:03 of 3rd period - Stopped by Julien Ellis with a rebound.
9:10 of 3rd period - Minor Penalty to Petr Sykora for Roughing.
9:10 of 3rd period - Minor Penalty to Alexander Perezhogin for Hooking.
9:11 of 3rd period - Mike Zigomanis wins face-off versus Tyler Kennedy in neutral zone.
11:10 of 3rd period - Penalty to Petr Sykora is over, Petr Sykora is back on ice.
11:10 of 3rd period - Penalty to Alexander Perezhogin is over, Alexander Perezhogin is back on ice.
11:14 of 3rd period - Petr Sykora is hit by Alexander Perezhogin and loses puck.
11:51 of 3rd period - Off-side.
11:52 of 3rd period - Tyler Kennedy wins face-off versus Kevin Veilleux in neutral zone.
12:07 of 3rd period - Slapshot by Tyler Kennedy.
12:07 of 3rd period - Stopped by Julien Ellis with a rebound.
12:17 of 3rd period - Matt Corrente is hit by Mike Zigomanis and loses puck.
12:44 of 3rd period - Nate Guenin is hit by Stanislav Neckar and loses puck.
13:11 of 3rd period - Minor Penalty to Matt Corrente for Hooking.
13:11 of 3rd period - Minor Penalty to Matt Gilroy for Cross-checking.
13:12 of 3rd period - Alexander Perezhogin wins face-off versus Petr Sykora in neutral zone.
13:17 of 3rd period - Snap shot by Alexander Perezhogin.
13:17 of 3rd period - Stopped by Ondrej Pavelec without a rebound.
13:18 of 3rd period - Alexander Perezhogin wins face-off versus Petr Sykora in Manchots zone.
13:29 of 3rd period - Slapshot by Philippe Boucher.
13:29 of 3rd period - Stopped by Ondrej Pavelec without a rebound.
13:30 of 3rd period - Petr Sykora wins face-off versus Alexander Perezhogin in Manchots zone.
13:55 of 3rd period - Willie Mitchell is hit by Riley Armstrong and loses puck.
15:11 of 3rd period - Penalty to Matt Corrente is over, Matt Corrente is back on ice.
15:11 of 3rd period - Penalty to Matt Gilroy is over, Matt Gilroy is back on ice.
15:21 of 3rd period - Wrist shot by Fredrik Sjostrom.
15:21 of 3rd period - Stopped by Julien Ellis with a rebound.
15:50 of 3rd period - Slapshot by Willie Mitchell.
15:50 of 3rd period - Shot Blocked by Bryan Allen.
15:56 of 3rd period - Snap shot by Chris Neil.
15:56 of 3rd period - Stopped by Ondrej Pavelec with a rebound.
15:58 of 3rd period - Slapshot by Willie Mitchell.
15:58 of 3rd period - Stopped by Ondrej Pavelec with a rebound.
16:00 of 3rd period - Wrist shot by Chris Neil.
16:00 of 3rd period - Deflect By Mike Zigomanis.
16:00 of 3rd period - Shot Misses the Net.
16:00 of 3rd period - Puck is out of play.
16:01 of 3rd period - Martin Hanzal wins face-off versus Petr Kalus in Manchots zone.
16:16 of 3rd period - Minor Penalty to Marc-André Gragnani for Hooking.
16:17 of 3rd period - Martin Hanzal wins face-off versus Cody McLeod in Wolves zone.
16:32 of 3rd period - Marc Methot is hit by Bobby Butler.
16:59 of 3rd period - Martin Hanzal is hit by Milan Bartovic and loses puck.
18:16 of 3rd period - Penalty to Marc-André Gragnani is over, Marc-André Gragnani is back on ice.
18:58 of 3rd period - Stefan Chaput is hit by Jamie Benn and loses puck.


Output by the SimonT Hockey Simulator (STHS) for François Prévost -- Original Page W3C XHTML 1.0 Valid
Hockey Simulator - Hockey Simulation - Hockey Manager